 Dungeon Crawl Stone Soup version 0.22-a0-605-g9281fa2 (webtiles) character file.

3621 Mamutox the Cleaver (level 9, 0/78 HPs)
             Began as a Minotaur Fighter on July 8, 2018.
             Was a Priest of Okawaru.
             Slain by a crocodile (5 damage)
             ... on level 8 of the Dungeon.
             The game lasted 00:25:15 (6372 turns).

Mamutox the Cleaver (Minotaur Fighter)              Turns: 6372, Time: 00:25:16

Health: 0/78       AC:  9    Str: 21    XL:     9   Next: 87%
Magic:  7/8        EV: 15    Int:  7    God:    Okawaru [***...]
Gold:   483        SH: 13    Dex: 13    Spells: 8/8 levels left

rFire    + . .     SeeInvis .   a - +0 war axe
rCold    . . .     Gourm    .   c - +0 shield
rNeg     . . .     Faith    .   J - +0 ring mail {rF+}
rPois    .         Spirit   .   j - +0 hat
rElec    .         Reflect  .   (no cloak)
rCorr    .         Harm     .   l - +0 pair of gloves
MR       .....                  (no boots)
Stlth    +++.......             w - amulet of regeneration
HPRegen  0.63/turn              r - +2 ring of intelligence
MPRegen  0.11/turn              C - ring of wizardry

@: heroism, hasted, very quick
A: retaliatory headbutt, horns 2
a: Heroism, Renounce Religion


You were on level 8 of the Dungeon.
You worshipped Okawaru.
Okawaru was most pleased with you.
You were not hungry.

You visited 2 branches of the dungeon, and saw 9 of its levels.

You collected 547 gold pieces.
You spent 64 gold pieces at shops.

Inventory:

Hand Weapons
 a - a +0 war axe (weapon)
 t - a +0 shortbow
Missiles
 e - 54 poisoned needles
 v - 43 arrows
 F - 11 tomahawks (quivered)
 I - a throwing net
Armour
 b - a +0 scale mail
 c - a +0 shield (worn)
 j - a +0 hat (worn)
 l - a +0 pair of gloves (worn)
 s - a +2 robe of fire resistance
 J - a +0 ring mail of fire resistance (worn)
Jewellery
 r - a +2 ring of intelligence (left hand)
 w - an amulet of regeneration (around neck)
 C - a ring of wizardry (right hand)
Wands
 q - a wand of flame (16)
 u - a wand of polymorph (7)
 x - a wand of digging (15)
 B - a wand of disintegration (20)
Scrolls
 i - 3 scrolls of magic mapping
 y - a scroll of blinking
 z - 2 scrolls of amnesia
 E - 2 scrolls of teleportation
 H - a scroll of remove curse
Potions
 d - 6 potions of might
 g - a potion of haste
 h - 6 potions of curing
 k - 3 potions of flight
 m - a potion of invisibility {unknown}
 n - a potion of agility {unknown}
 p - 2 potions of berserk rage {unknown}
 A - a potion of heal wounds {unknown}
 D - 5 potions of lignification
 G - a potion of mutation {unknown}
Comestibles
 f - 23 rations
 o - 5 chunks of flesh


   Skills:
 + Level 6.7(11.7) Fighting
 + Level 11.8(16.8) Axes
 + Level 7.2(12.2) Armour
 + Level 3.9(8.9) Dodging
 + Level 1.3(6.3) Stealth
 + Level 7.9(12.9) Shields
 + Level 0.5 Invocations


You had 8 spell levels left.
You didn't know any spells.
Your spell library contained the following spells:

 Spells                   Type           Power        Failure   Level  Hunger
 Magic Dart               Conj           #...         32%         1    ##.....
 Conjure Flame            Conj/Fire      #.......     69%         3    ####...
 Slow                     Hex            #.......     45%         2    ###....
 Mephitic Cloud           Conj/Pois/Air  #.......     69%         3    ####...
 Blink                    Tloc           N/A          45%         2    ###....
 Call Imp                 Summ           #.......     45%         2    ###....


Dungeon Overview and Level Annotations

Branches:
Dungeon (8/15)             Temple (1/1) D:5
   Lair: D:8-11

Altars:
Ashenzari
Cheibriados
Dithmenos
Elyvilon
Fedhas
Hepliaklqana
Nemelex Xobeh
Okawaru
Sif Muna
Uskayaw
Vehumet
Wu Jian
Yredelemnul
Zin
The Shining One

Shops:
D:7 (!

Annotations:
D:5 Prince Ribbit


Innate Abilities, Weirdness & Mutations

You reflexively headbutt those who attack you in melee.
You have a pair of horns on your head.


Message History

You hit the orc wizard. You block the orc wizard's attack.
You closely miss the crocodile.
The crocodile is severely wounded.
You slash the orc wizard!
You kill the orc wizard!
Okawaru accepts your kill. You block the crocodile's attack.
The orc warrior hits you from afar with a glaive!!
You closely miss the crocodile.
The crocodile is severely wounded.
The crocodile bites you!
* * * LOW HITPOINT WARNING * * *
You barely miss the crocodile. Your headbutt misses the crocodile.
The crocodile is severely wounded.
The orc warrior misses you. The crocodile bites you!
* * * LOW HITPOINT WARNING * * *
Okay, then.
You feel yourself speed up. You block the orc warrior's attack.
The crocodile bites you.
You die...

#
#...#..........###.#
####..#............#
#
......)....>..####.#
#####.#............#
.......##.#.###....#
..........#.....#.##
........###.......#
##......#.........#
##....#.#.#.....@##
##)...#...#...)t.#
##....##..#....)o#
......# ..#......#
......# .........#
......# .........#
....... ..........
####. .$........ #
.#.........


You could see an orc warrior and a crocodile.

Vanquished Creatures
  A two-headed ogre (D:8)
  A hippogriff (D:7)
  Sigmund (D:3)
  A black bear (D:6)
  4 ogres
  2 orc warriors
  A hornet zombie (D:7)
  A phantom (D:5)
  2 centaurs
  A crocodile (D:6)
  2 bullfrogs (D:6)
  2 scorpions
  A howler monkey (D:6)
  4 crimson imps
  2 bullfrog skeletons
  A jelly (D:6)
  5 centaur skeletons
  9 orc wizards
  5 orc priests
  3 iguanas
  4 worker ants
  Ijyb (D:3)
  A hound skeleton (D:4)
  2 howler monkey zombies
  4 gnolls (D:5)
  6 river rats (D:6)
  8 adders
  An ooze (D:2)
  2 adder zombies
  An adder skeleton (D:4)
  3 worms
  4 dart slugs
  4 leopard geckos
  23 orcs
  4 bats
  6 giant cockroaches
  9 goblins
  8 hobgoblins
  6 jackals
  7 kobolds
  7 quokkas
  9 frilled lizards
  2 jackal skeletons
  A quokka skeleton (D:4)
  28 rats
200 creatures vanquished.

Notes
Turn   | Place    | Note
-------+----------+-------------------------------------------
     0 | D:1      | Mamutox the Minotaur Fighter began the quest for the Orb.
     0 | D:1      | Reached XP level 1. HP: 19/19 MP: 0/0
   425 | D:1      | Reached XP level 2. HP: 27/27 MP: 1/1
  1021 | D:2      | Reached XP level 3. HP: 33/33 MP: 2/2
  1246 | D:2      | Reached skill level 1 in Dodging
  1334 | D:2      | Found a deep blue altar of Sif Muna.
  1399 | D:2      | Noticed an ogre
  1413 | D:2      | Killed an ogre
  1413 | D:2      | Reached skill level 3 in Axes
  1413 | D:2      | Reached XP level 4. HP: 13/40 MP: 3/3
  1413 | D:2      | Reached XP level 5. HP: 15/46 MP: 4/4
  1949 | D:2      | Found an ornate altar of the Wu Jian Council.
  2168 | D:3      | Reached skill level 4 in Axes
  2246 | D:3      | Found a hazy altar of Hepliaklqana.
  2271 | D:3      | Reached skill level 5 in Shields
  2368 | D:3      | Noticed Sigmund
  2460 | D:3      | Killed Sigmund
  2460 | D:3      | Reached skill level 5 in Axes
  2460 | D:3      | Reached skill level 5 in Armour
  2460 | D:3      | Reached XP level 6. HP: 37/52 MP: 5/5
  2587 | D:3      | Noticed Ijyb
  2600 | D:3      | Killed Ijyb
  3191 | D:4      | Reached XP level 7. HP: 43/60 MP: 6/6
  3199 | D:4      | Reached skill level 6 in Axes
  3372 | D:4      | Reached skill level 1 in Stealth
  3567 | D:4      | Found a radiant altar of Vehumet.
  3806 | D:5      | Entered Level 5 of the Dungeon
  3939 | D:5      | Noticed Prince Ribbit
  4239 | D:5      | Reached skill level 7 in Axes
  4246 | D:5      | Found a staircase to the Ecumenical Temple.
  4252 | Temple   | Entered the Ecumenical Temple
  4284 | Temple   | Became a worshipper of Warmaster Okawaru
  4321 | D:5      | Found a blossoming altar of Fedhas.
  4423 | D:5      | Found a snail-covered altar of Cheibriados.
  4502 | D:5      | Reached XP level 8. HP: 64/67 MP: 7/7
  4689 | D:6      | Reached skill level 5 in Fighting
  4689 | D:6      | Reached * piety under Okawaru
  4695 | D:6      | Reached skill level 8 in Axes
  5014 | D:6      | Reached skill level 9 in Axes
  5193 | D:6      | Found a hide-covered altar of Uskayaw.
  5297 | D:6      | Reached XP level 9. HP: 75/75 MP: 8/8
  5420 | D:6      | Reached ** piety under Okawaru
  5690 | D:7      | Found Mifidgh's Antique Weapon Emporium.
  5705 | D:7      | Reached skill level 10 in Axes
  5863 | D:7      | Found Bomom's Distillery.
  5870 | D:7      | Bought a potion of lignification for 48 gold pieces
  5870 | D:7      | Bought a potion of degeneration for 16 gold pieces
  6103 | D:8      | Noticed a two-headed ogre
  6114 | D:8      | Killed a two-headed ogre
  6114 | D:8      | Reached *** piety under Okawaru
  6114 | D:8      | Reached skill level 11 in Axes
  6372 | D:8      | Slain by a crocodile

Vault maps used:
D:1:      dpeg_arrival_castle
D:2:      lemuel_blue_sif_altar, overflow_temple_1_default, first_ration,
          minmay_door_square, uniq_terence
D:3:      cheibrodos_greedy_goblins, overflow_temple_1_default, uniq_ijyb,
          uniq_sigmund
D:4:      fiery_altar_vehumet, kennysheep_generic_room_16
D:5:      lemuel_coloured_pillars_altar, minmay_temple_entry_hall,
          fedhas_altar_3, uniq_prince_ribbit1
D:6:      lemuel_ratsnest, eat_drink_and_be_merry_uskayaw
D:7:      serial_shops, shop, nicolae_shop_temple_entry_statues_fountains,
          grunt_ogre_cave
D:8:      serial_shops, shop, uniq_maurice
Temple:   dshaligram_water_room_temple

Skill      XL: |  1  2  3  4  5  6  7  8  9 |
---------------+----------------------------+-----
Armour         | 4 5 6 7 |  7.2
Shields        | 4 5 6 7 |  7.9
Dodging        | 1 2 3 |  3.9
Fighting       | 4 5 6 |  6.7
Axes           | 3 5 7 9 11 | 11.8
Stealth        | 1 |  1.3
Invocations    | |  0.5

Action                   |  1- 3 |  4- 6 |  7- 9 || total
-------------------------+-------+-------+-------++-------
Melee: War axe           |    89 |   121 |   333 ||   543
       Headbutt          |    10 |    16 |    56 ||    82
Invok: Heroism           |       |       |     5 ||     5
  Use: Scroll            |       |       |     9 ||     9
       Potion            |       |       |     1 ||     1
  Eat: Chunk             |     2 |     5 |    11 ||    18
Armor: Scale mail        |    32 |    61 |   105 ||   198
       Skin              |       |     2 |       ||     2
       Ring mail         |       |       |     2 ||     2
Dodge: Dodged            |    30 |    35 |   109 ||   174
Block: Shield            |    50 |    60 |   173 ||   283

Table legend:
 A = Spawn XP
 B = Non-spawn XP
 C = Spawn XP percentage of total XP
 D = Spawn monster count
 E = Non-spawn monster count
 F = Spawn count percentage of total count
 G = Total turns spent on level
                    A         B        C        D         E        F      G
               +---------+---------+-------+---------+---------+-------+---------
         Total |       0 |    5174 |   0.0 |       0 |     200 |   0.0 |  6372
               +---------+---------+-------+---------+---------+-------+---------
           D:1 |       0 |      34 |   0.0 |       0 |      18 |   0.0 |   980
           D:2 |       0 |     196 |   0.0 |       0 |      22 |   0.0 |  1140
           D:3 |       0 |     403 |   0.0 |       0 |      34 |   0.0 |   827
           D:4 |       0 |     278 |   0.0 |       0 |      20 |   0.0 |  1076
           D:5 |       0 |     569 |   0.0 |       0 |      19 |   0.0 |   760
           D:6 |       0 |    1376 |   0.0 |       0 |      64 |   0.0 |   854
           D:7 |       0 |    1108 |   0.0 |       0 |      14 |   0.0 |   413
           D:8 |       0 |    1210 |   0.0 |       0 |       9 |   0.0 |   269
               +---------+---------+-------+---------+---------+-------+---------
